 Dungeon Crawl Stone Soup version 0.32-a0-986-ga09f62fbf4 (webtiles) character file.

Game seed: 17266316292682749775

464 ragingrage the Apothecary (level 6, 0/42 (48) HPs)
             Began as an Armataur Alchemist on Apr 21, 2024.
             Slain by a wight
             ... wielding a +2 long sword of freezing
              (3 damage)
             ... on level 6 of the Dungeon.
             The game lasted 00:04:55 (2448 turns).

ragingrage the Apothecary (Armataur Alchemist)      Turns: 2448, Time: 00:04:55

HP:   0/42 (48)     AC:  7    Str: 19    XL:     6   Next: 80%
MP:   9/9           EV:  8    Int: 21    God:
Gold: 178           SH:  0    Dex: 10    Spells: 5/9 levels left

rFire   . . .        c - +0 dagger (vamp)
rCold   . . .        (no shield)
rNeg    . . .        a - +0 robe
rPois   .            f - +2 helmet {Int+3}
rElec   .            (no cloak)
rCorr   .            (no gloves)
SInv    .            (no barding)
Will    .....        (no amulet)
Stlth   ++           j - +6 ring of strength
HPRegen 0.27/turn    (no ring)
MPRegen 0.11/turn

%: roll
@: heavily drained
A: large, deformed body, tough skin 3, armoured tail, rollpage 1
a: no special abilities


You were on level 6 of the Dungeon.
You visited 1 branch of the dungeon, and saw 4 of its levels.

You collected 178 gold pieces.

Inventory:

Hand Weapons
 c - a +0 vampiric dagger (weapon)
Missiles
 d - 6 poisoned darts
Armour
 a - a +0 robe (worn)
 f - a +2 helmet of intelligence (worn)
Jewellery
 j - a +6 ring of strength (left hand)
Wands
 i - a wand of paralysis (7)
Scrolls
 g - 3 scrolls of identify
 h - a scroll of poison
Potions
 b - 2 potions of magic
 e - 2 potions of heal wounds


   Skills:
 + Level 2.3 Fighting
 - Level 1.3 Dodging
 - Level 2.1 Stealth
 - Level 2.0 Spellcasting
 - Level 3.0 Conjurations
 - Level 3.0 Air Magic
 + Level 4.7 Alchemy


You had 5 spell levels left.
You knew the following spells:

 Your Spells              Type           Power      Damage    Failure   Level
a - Sting                 Conj/Alch      72%        1d7       3%          1
b - Mephitic Cloud        Conj/Alch/Air  17%        N/A       11%         3

Your spell library contained the following spells:

 Spells                   Type           Power      Damage    Failure   Level
 Mercury Vapours          Alch/Air       36%        N/A       4%          2
 Static Discharge         Conj/Air       28%        3-5/arc   6%          2
 Apportation              Tloc           4%         N/A       14%         1
 Necrotise                Necr           8%         1d4       14%         1
 Summon Small Mammal      Summ           8%         N/A       14%         1
 Olgreb's Toxic Radiance  Alch           21%        N/A       22%         4
 Airstrike                Air            7%         2d(1-17)  38%         4
 Sticky Flame             Fire/Alch      11%        2d5       50%         4
 Summon Lightning Spire   Summ/Air       8%         N/A       61%         4


Dungeon Overview and Level Annotations

Branches:
Dungeon (3/15)

Altars:

Annotations:
D:3 Natasha


Innate Abilities, Weirdness & Mutations

Armour fits poorly on your strangely shaped body.
You have extremely tough skin. (AC +3)
You have a long armoured tail.
You regenerate magic when rolling toward enemies. (Rampage MPRegen)


Message History

Training target 3.0 for Conjurations reached!
Training target 3.0 for Air Magic reached!
Your Conjurations skill increases to level 3!
Your Air Magic skill increases to level 3!
Aiming: Paralyse
Press: ? - help, Shift-Dir - straight line, f - wight
Aim: a wight, wielding a +0 halberd and wearing a +0 robe (chance to affect: 49%)
The wight resists with some effort.
A wight comes into view.
It is wielding a +2 long sword of freezing.
The wight hits you from afar with a +0 halberd.
You feel drained.
Aiming: Paralyse
Press: ? - help, Shift-Dir - straight line, f/p - wight
Aim: a wight, wielding a +0 halberd and wearing a +0 robe (chance to affect: 49%)
The wight resists with some effort.
The wight hits you from afar with a +0 halberd!
* * * LOW HITPOINT WARNING * * *
Aiming: Paralyse
Press: ? - help, Shift-Dir - straight line, f/p - wight
Aim: a wight, wielding a +0 halberd and wearing a +0 robe (chance to affect: 49%)
The wight suddenly stops moving!
A wight comes into view. It is wielding a +3 short sword.
Okay, then.
You feel much better.
Okay, then.
Okay, then.
You roll towards the wight!
You closely miss the wight.
You tail-slap the wight, but do no damage.
The wight barely misses you.
The wight hits you with a +2 long sword of freezing.
You feel drained. The wight freezes you.
The wight hits you with a +2 long sword of freezing!
* * * LOW HITPOINT WARNING * * *
You feel drained.
* * * LOW HITPOINT WARNING * * *
The wight freezes you.
* * * LOW HITPOINT WARNING * * *
Found a stone staircase leading down.
The wight attacks as it pursues you!
The wight hits you with a +2 long sword of freezing.
You die...

########## #
#...##... >#
#...##.###.#
#.......#..#
#.......'..#
#.....z@#
#...)z..#
#.†.#####
#...#####.z.
#...z..z....
#.$.).......
#...........
#.).........
#...........


You could see 2 wights.

Vanquished Creatures
  Sigmund (D:3)
  Blork the orc (D:6)
  A wight (D:6)
  Ijyb (D:3)
  Terence (D:3)
  Robin (D:3)
  4 gnolls (D:3)
  2 adders
  A dart slug (D:1)
  A ribbon worm (D:2)
  4 endoplasms
  3 giant cockroaches (D:1)
  8 goblins
  8 hobgoblins
  4 jackals (D:1)
  7 ball pythons
  4 bats
  3 frilled lizards
  7 kobolds
  3 rats
65 creatures vanquished.

Notes
Turn   | Place    | Note
-------+----------+-------------------------------------------
     0 | D:1      | ragingrage the Armataur Alchemist began the quest for the
                  | Orb.
     0 | D:1      | Reached XP level 1. HP: 14/14 MP: 3/3
   120 | D:1      | Reached skill level 3 in Alchemy
   150 | D:1      | Reached XP level 2. HP: 20/20 MP: 1/4
   305 | D:1      | Found a faded altar of an unknown god.
   626 | D:1      | Reached XP level 3. HP: 25/26 MP: 3/5
   630 | D:1      | Learned a level 3 spell: Mephitic Cloud
   999 | D:2      | Reached skill level 1 in Conjurations
  1434 | D:2      | Reached skill level 4 in Alchemy
  1717 | D:3      | Reached skill level 1 in Air Magic
  1727 | D:3      | Reached XP level 4. HP: 11/33 MP: 1/6
  1858 | D:3      | Noticed Ijyb
  1858 | D:3      | Noticed Robin
  1858 | D:3      | Paralysed by Ijyb for 2 turns
  1864 | D:3      | Paralysed by Ijyb for 5 turns
  1872 | D:3      | Paralysed by Ijyb for 4 turns
  1873 | D:3      | Killed Ijyb
  2000 | D:3      | Killed Robin
  2086 | D:3      | Noticed Terence
  2101 | D:3      | Killed Terence
  2102 | D:3      | Reached XP level 5. HP: 34/39 MP: 1/7
  2193 | D:3      | Noticed Natasha
  2203 | D:3      | Noticed Sigmund
  2207 | D:3      | Killed Sigmund
  2208 | D:3      | Reached skill level 1 in Fighting
  2208 | D:3      | Reached XP level 6. HP: 46/48 MP: 2/9
  2402 | D:3      | You fall into a shaft and drop 3 floors!
  2406 | D:6      | Noticed Blork the orc
  2420 | D:6      | Killed Blork the orc
  2448 | D:6      | Slain by a wight

Illustrated notes

Levels and vault maps discovered:
D:1:      sevenhm_arrival_forest_fort_large_4, layout_basic,
          hellmonk_ecumenical_altar_leap_of_faith
D:2:      layout_loops_cross, kennysheep_generic_room_13
D:3:      layout_rooms, nicolae_overflow_crystal_walls, chequers_mini_garden,
          nicolae_goblin_pals, uniq_terence, uniq_natasha, uniq_sigmund
D:6:      layout_basic, lemuel_crystal_altar, serial_shops, shop,
          uniq_blork_the_orc

Skill      XL: |  1  2  3  4  5  6 |
---------------+-------------------+-----
Alchemy        | 3 4 |  4.7
Conjurations   | 1 2 3 |  3.0
Air Magic      | 1 2 3 |  3.0
Fighting       | 1 2 |  2.3
Spellcasting   | 2 |  2.0
Dodging        | |  1.3
Stealth        | |  2.1

Action                     |  1- 3 |  4- 6 || total
---------------------------+-------+-------++-------
  Melee: Dagger            |    38 |    39 ||    77
         Tailslap          |     5 |     7 ||    12
         Unarmed           |     1 |       ||     1
   Cast: Sting             |    72 |    46 ||   118
         Mephitic Cloud    |       |     3 ||     3
  Evoke: Wand              |       |     4 ||     4
    Use: Scroll            |     2 |     1 ||     3
         Potion            |     1 |     3 ||     4
   Stab: Paralysed         |       |     5 ||     5
         Confused          |       |     1 ||     1
 Armour: Robe              |    70 |    63 ||   133
  Dodge: Dodged            |    34 |    31 ||    65

Table legend: (Time is in decaauts)
 A = Elapsed time spent in this place.
 B = Non-inter-level travel time spent in this place.
 C = Inter-level travel time spent in this place.
 D = Time resting spent in this place.
 E = Time spent auto-exploring this place.
 F = Levels seen in this place.
 G = Mean time per level.
                   A        B        C        D        E       F      G
               +--------+--------+--------+--------+--------+-----+--------+
         Total |   2449 |   2382 |     67 |    430 |   1454 |   4 |  612.2 |
       Dungeon |   2449 |   2382 |     67 |    430 |   1454 |   4 |  612.2 |
               +--------+--------+--------+--------+--------+-----+--------+

Top non-repeatable levels by time:
     D:1: 942 daAuts
     D:2: 914 daAuts
     D:3: 546 daAuts
     D:6: 45 daAuts
